[Event "ICC tourney 2545 (5 3)"]
[Site "Internet Chess Club"]
[Date "2021.04.11"]
[Round "9"]
[White "MIEMBR"]
[Black "Finlidor"]
[Result "0-1"]
[ICCResult "White resigns"]
[WhiteElo "1596"]
[BlackElo "2093"]
[Opening "Queen's Pawn"]
[ECO "A41"]
[NIC "QO.17"]
[Time "17:30:49"]
[TimeControl "300+3"]

1. d4 d6 2. Nf3 Nf6 3. g3 g6 4. Bg2 Bg7 5. O-O O-O 6. b3 Nbd7 7. Bb2 e5 8.
dxe5 Ng4 9. Qc1 Ngxe5 10. Rd1 Re8 11. c4 Nxf3+ 12. Bxf3 Ne5 13. Nc3 Nxf3+
14. exf3 Qf6 15. Kg2 Qf5 16. Nd5 Qh3+ 17. Kg1 Bh6 18. Qc3 Re5 19. f4 Bg7 20.
fxe5 Bxe5 21. Nf4 Bxc3 22. Nxh3 Bxb2 23. Rab1 Be5 24. Ng5 Bf5 25. Rbc1 Bb2
26. Kg2 Bxc1 27. Rxc1 Re8 28. Kf3 h6 29. g4 hxg5 30. gxf5 gxf5 31. Rg1 f6
32. h4 Kf7 33. hxg5 Rg8 34. Rh1 fxg5 35. Rh7+ Rg7 36. Rh8 Ke6 37. Ra8 a6 38.
Rb8 b6 39. Re8+ Kf6 40. Rf8+ Rf7 41. Rg8 Re7 42. Rc8 Ke5 43. Ke3 d5 44. cxd5
Kxd5+ 45. Kd3 f4 46. Rg8 Re5 47. Rg7 Kc6 48. Kd4 Rd5+ 49. Kc4 Rc5+ 50. Kd4
Rc2 51. Rxg5 Rxf2 52. Rg6+ Kb5 53. Rg5+ c5+ 54. Ke4 Rxa2 55. Kxf4 Rb2 56.
Rg3 Kb4 57. Ke5 Rxb3 58. Rg8 Kc3 59. Ra8 a5 {White resigns} 0-1

[Event "ICC tourney 2545 (5 3)"]
[Site "Internet Chess Club"]
[Date "2021.04.11"]
[Round "9"]
[White "ranadiw"]
[Black "supergirl06"]
[Result "1-0"]
[ICCResult "Black forfeits on time"]
[WhiteElo "1173"]
[BlackElo "1430"]
[Opening "French: Labourdonnais variation"]
[ECO "C00"]
[NIC "FR.01"]
[Time "17:30:29"]
[TimeControl "300+3"]

1. e4 e6 2. f4 c5 3. Nf3 Nc6 4. Be2 d6 5. O-O Nf6 6. d3 d5 7. e5 Nd7 8. Nc3
d4 9. Ne4 h6 10. Nfd2 Be7 11. Nc4 Qc7 12. Ncd6+ Kf8 13. Bh5 g6 14. Bxg6 fxg6
15. Qg4 Rg8 16. Qxe6 Nd8 17. Qh3 Nf6 18. Qxh6+ Rg7 19. Nxf6 Bxd6 20. exd6
Qxd6 21. Ne4 Qe7 22. Bd2 Nf7 23. f5 Nxh6 24. f6 Qc7 25. Bxh6 Kf7 26. fxg7+
Bf5 27. Rxf5+ gxf5 28. Rf1 Kg6 29. Ng3 f4 30. Bxf4 Qxg7 31. h4 Rh8 32. h5+
Kh7 33. Re1 Qf7 34. Bg5 Re8 35. Rf1 Qe6 36. Ne4 Qe5 37. Rf7+
{Black forfeits on time}
1-0

[Event "ICC tourney 2545 (5 3)"]
[Site "Internet Chess Club"]
[Date "2021.04.11"]
[Round "9"]
[White "ybabji"]
[Black "ChalsparoV"]
[Result "1/2-1/2"]
[ICCResult "Game drawn by repetition"]
[WhiteElo "1306"]
[BlackElo "1806"]
[Opening "Caro-Kann: exchange variation"]
[ECO "B13"]
[NIC "CK.02"]
[Time "17:30:49"]
[TimeControl "300+3"]

1. e4 c6 2. d4 d5 3. exd5 cxd5 4. Nc3 Nc6 5. Bf4 a6 6. Nf3 Nf6 7. Be2 Bg4 8.
Ne5 Bxe2 9. Nxe2 e6 10. Nxc6 bxc6 11. Rc1 Qa5+ 12. Qd2 Qxa2 13. Qc3 Qa4 14.
b3 Qb5 15. O-O Ne4 16. Qd3 Be7 17. c4 Qb7 18. cxd5 exd5 19. Nc3 Nf6 20. Na4
O-O 21. Nc5 Bxc5 22. Rxc5 Ne4 23. Rc2 Qb5 24. Qxb5 cxb5 25. f3 Nf6 26. Ra1
Ra7 27. Bd6 Rfa8 28. Rc5 h6 29. Be5 Nd7 30. Rxd5 f6 31. Bg3 Nb6 32. Rd6 Nc8
33. Rd8+ Kf7 34. Bf2 Ne7 35. Rd6 Nf5 36. Rd5 Ke6 37. Rc5 Ne7 38. Re1+ Kf7
39. Be3 Rd7 40. Bf2 Nd5 41. Bg3 Nb4 42. Rd1 Rad8 43. Rc7 Ke6 44. Re1+ Kf7
45. Rd1 Ke6 46. Re1+ Kf7 47. Rd1 {Game drawn by repetition} 1/2-1/2

[Event "ICC tourney 2545 (5 3)"]
[Site "Internet Chess Club"]
[Date "2021.04.11"]
[Round "9"]
[White "bandhu2"]
[Black "Neukoelln"]
[Result "1-0"]
[ICCResult "Black resigns"]
[WhiteElo "1740"]
[BlackElo "1643"]
[Opening "Sicilian defense"]
[ECO "B40"]
[NIC "SI.43"]
[Time "17:30:50"]
[TimeControl "300+3"]

1. e4 c5 2. Nf3 e6 3. d3 d5 4. Nbd2 dxe4 5. dxe4 Nc6 6. Bc4 Qc7 7. O-O Nf6
8. c3 a6 9. a4 Bd6 10. Qe2 Ng4 11. h3 Nge5 12. Ba2 O-O 13. Nxe5 Bxe5 14. Kh1
Rd8 15. Nc4 Bf4 16. Bxf4 Qxf4 17. Nb6 Rb8 18. Qe3 Qxe3 19. fxe3 Bd7 20. Rad1
Be8 21. Bb1 Kf8 22. b3 Ke7 23. Kh2 Ne5 24. Kg3 Bc6 25. Kf4 f6 26. Bc2 g5+
27. Kg3 h5 28. h4 Rg8 29. hxg5 Rxg5+ 30. Kf2 Rbg8 31. Rg1 h4 32. Rdf1 Kd6
33. a5 Ng4+ 34. Ke2 Ke7 35. Rh1 Ne5 36. Rxh4 Rxg2+ 37. Rf2 R8g3 38. Rh7+ Nf7
39. Nc4 Bb5 40. e5 f5 41. Bd3 Kf8 42. Rxg2 Rxg2+ 43. Kf3 Rg6 44. Rxf7+ Kxf7
45. Nd6+ Ke7 46. Bxb5 axb5 47. Nxb7 c4 48. b4 Kd7 49. Nc5+ Kc6 50. a6 Kb6
51. e4 fxe4+ 52. Kxe4 Rg3 53. Kd4 Rg6 54. Ke3 Rh6 55. Ke4 Ka7 56. Kf4 Rh3
57. Nxe6 Kxa6 58. Ng5 Rh8 59. e6 Re8 60. Ke5 Kb6 61. Kf6 Kc6 62. Kf7 Ra8 63.
e7 Kd7 64. Ne6 Rc8 65. Nc5+ Kd6 66. e8=Q Rxe8 67. Kxe8 Ke5 68. Na6 Ke4 69.
Nc7 Kd3 70. Nxb5 Kc2 71. Kd7 Kb3 72. Kc6 Ka4 73. Kc5 Kb3 74. Kd4 {Black
resigns} 1-0

[Event "ICC tourney 2545 (5 3)"]
[Site "Internet Chess Club"]
[Date "2021.04.11"]
[Round "9"]
[White "Casopis"]
[Black "Hunab"]
[Result "0-1"]
[ICCResult "White resigns"]
[WhiteElo "1611"]
[BlackElo "1519"]
[Opening "Scandinavian (center counter) defense"]
[ECO "B01"]
[NIC "VO.17"]
[Time "17:31:04"]
[TimeControl "300+3"]

1. e4 d5 2. exd5 Qxd5 3. d4 e5 4. Nc3 Bb4 5. Be3 Nc6 6. a3 Bxc3+ 7. bxc3 Nf6
8. c4 Qe4 9. d5 Nd4 10. Ra2 Bg4 11. Qd3 Bf5 12. Qxe4 Bxe4 13. Bxd4 exd4 14.
f3 Bg6 15. Bd3 O-O-O 16. Ne2 Rhe8 17. Kf2 c5 18. dxc6 bxc6 19. Bxg6 hxg6 20.
Rd1 c5 21. Rb2 Re3 22. Rb5 Nd7 23. a4 Rde8 24. Ng3 f5 25. a5 Rc3 26. Rd2
Rxc4 27. a6 Ra4 28. Ne2 Rxa6 29. Nxd4 cxd4 30. Rxd4 Rc6 31. c4 Nb6 32. c5
Nd7 33. Ra5 a6 34. Rd5 Re5 35. Rxe5 Nxe5 36. Ra4 Nd3+ 37. Ke3 Nxc5 38. Rc4
Kc7 39. Rh4 a5 40. Rh7 a4 41. Rxg7+ Kb6 42. Rg8 a3 43. Ra8 Na6 44. Rd8 a2
45. Rd1 Nb4 46. Ra1 Nc2+ 47. Kf4 Nxa1 48. Kg5 Nb3 49. h4 a1=Q 50. f4 Qf6+
51. Kh6 Rc8 {White resigns} 0-1

[Event "ICC tourney 2545 (5 3)"]
[Site "Internet Chess Club"]
[Date "2021.04.11"]
[Round "9"]
[White "jfk2014"]
[Black "mansoortJ22"]
[Result "0-1"]
[ICCResult "White resigns"]
[WhiteElo "2040"]
[BlackElo "1888"]
[Opening "Queen's pawn: Chigorin variation"]
[ECO "D00"]
[NIC "QP.08"]
[Time "17:30:07"]
[TimeControl "300+3"]

1. d4 d5 2. Nc3 Nf6 3. Bf4 c6 4. e3 Bf5 5. f3 e6 6. g4 Bg6 7. h4 h5 8. g5
Nfd7 9. Bd3 Bxd3 10. Qxd3 Be7 11. e4 Nb6 12. Nge2 N8d7 13. O-O-O Nc4 14. Kb1
Qb6 15. b3 Na3+ 16. Ka1 a5 17. Na4 Qb5 18. Kb2 Nc4+ 19. Ka1 Na3 20. Qd2 Bb4
21. c3 Be7 22. Nc1 Qa6 23. Nd3 b5 24. Nac5 Nxc5 25. Nxc5 Bxc5 26. dxc5 a4
27. b4 Nc4 28. Qd4 O-O 29. exd5 exd5 30. Rhe1 Rfe8 31. Bc1 Rad8 32. f4 Qc8
33. Qd3 Qg4 34. f5 Rxe1 35. Rxe1 Qxh4 36. Re2 Qh1 37. Kb1 Na3+ 38. Kb2 Nc4+
39. Kc2 h4 40. g6 f6 41. Qd4 Ne5 42. Bf4 Nc4 43. Bc1 Ne5 44. Bf4 Qf1 45.
Bxe5 Qxe2+ {White resigns} 0-1

[Event "ICC tourney 2545 (5 3)"]
[Site "Internet Chess Club"]
[Date "2021.04.11"]
[Round "9"]
[White "Openyagami"]
[Black "bumper10"]
[Result "1-0"]
[ICCResult "Black resigns"]
[WhiteElo "2529"]
[BlackElo "2195"]
[Opening "English: Neo-Catalan declined"]
[ECO "E06"]
[NIC "CA.05"]
[Time "17:30:49"]
[TimeControl "300+3"]

1. c4 Nf6 2. Nf3 e6 3. g3 d5 4. Bg2 Be7 5. O-O O-O 6. d4 dxc4 7. Qc2 a6 8.
Rd1 b5 9. Ne5 c6 10. b3 cxb3 11. axb3 Bb7 12. Nc3 Qb6 13. Bg5 c5 14. dxc5
Bxc5 15. Bxb7 Qxb7 16. Bxf6 gxf6 17. Ng4 Be7 18. Ne4 Kg7 19. Rac1 f5 20. Nc5
Qb6 21. Qc3+ f6 22. Qe3 Bxc5 23. Rxc5 Kh8 24. Nxf6 Ra7 25. Rc8 Qxe3 26.
Rxf8+ Kg7 27. Rg8+ Kxf6 28. fxe3 Nc6 29. Rd6 Na5 30. Re8 Re7 31. Rxe7 Kxe7
32. Rxa6 Nxb3 33. Rb6 Nc5 34. Rxb5 Kd6 35. Kg2 Ne4 36. Rb7 Nf6 37. Kf3 Ke5
38. h3 h5 39. Rb5+ Nd5 40. Ra5 Kf6 41. e4 fxe4+ 42. Kxe4 Nc3+ 43. Kf3 Nd5
44. e4 Ne7 45. Rxh5 Ng6 46. Rh6 {Black resigns} 1-0

[Event "ICC tourney 2545 (5 3)"]
[Site "Internet Chess Club"]
[Date "2021.04.11"]
[Round "9"]
[White "e4f5"]
[Black "ulfbert"]
[Result "1-0"]
[ICCResult "Black resigns"]
[WhiteElo "1967"]
[BlackElo "1882"]
[Opening "French: Rubinstein variation"]
[ECO "C03"]
[NIC "FR.07"]
[Time "17:30:49"]
[TimeControl "300+3"]

1. e4 e6 2. d4 d5 3. Nd2 dxe4 4. Nxe4 Nd7 5. Nf3 Be7 6. Bd3 Ngf6 7. O-O Nxe4
8. Bxe4 Nf6 9. Bd3 O-O 10. Ne5 c5 11. dxc5 Bxc5 12. Qf3 Qb6 13. Qh3 Bd4 14.
Bg5 Ne4 15. Bxe4 f5 16. Nc4 Qc7 17. Bd3 b5 18. Nd2 Bxb2 19. Rab1 Bf6 20.
Bxf6 Rxf6 21. Rxb5 Bd7 22. Rb4 Bc6 23. Nf3 Rg6 24. Nh4 Rf6 25. Qg3 Qxg3 26.
hxg3 Bd5 27. Nf3 a5 28. Rd4 Bxa2 29. Ra1 Bd5 30. Rda4 Bxf3 31. gxf3 Rff8 32.
Rxa5 Rxa5 33. Rxa5 Kf7 34. Ra7+ Kf6 35. f4 h6 36. Kg2 g5 37. Ra6 gxf4 38.
gxf4 Rc8 39. Kf3 h5 40. Ra7 Rh8 41. Bc4 Rc8 42. Bb3 Rc3+ 43. Kg2 Rc6 44. Ra8
Kg7 45. Kg3 Kg6 46. Kh4 Rd6 47. Rg8+ Kf7 48. Rg3 Rd2 49. Re3 Rxf2 50. Rxe6
Rxf4+ 51. Kxh5 Kg7 52. Kg5 Rg4+ 53. Kxf5 Rg2 54. Ke4 Rh2 55. Kd3 Rh3+ 56.
Kd2 Rf3 57. Kc1 Rf8 58. Kb2 Rb8 59. Rc6 Kf8 60. Rc7 Ke8 61. c4 Kd8 62. Rh7
Rb6 63. Kc3 Rc6 64. Ba4 Re6 65. Kb4 Re4 66. Bc6 Re6 67. Kc5 {Black resigns}
1-0

[Event "ICC tourney 2545 (5 3)"]
[Site "Internet Chess Club"]
[Date "2021.04.11"]
[Round "9"]
[White "HEM"]
[Black "Artist2020"]
[Result "0-1"]
[ICCResult "White resigns"]
[WhiteElo "1624"]
[BlackElo "1724"]
[Opening "Caro-Kann: Panov-Botvinnik attack"]
[ECO "B13"]
[NIC "CK.03"]
[Time "17:30:31"]
[TimeControl "300+3"]

1. e4 c6 2. d4 d5 3. exd5 cxd5 4. c4 Nf6 5. Nc3 Nc6 6. Be3 e6 7. Nf3 Be7 8.
Bd3 O-O 9. O-O a6 10. cxd5 Nxd5 11. Ne4 h6 12. Qd2 Nxe3 13. fxe3 b5 14. a3
Bb7 15. Bc2 Rc8 16. Qd3 f5 17. Ng3 Na5 18. Ne5 Qd5 19. Rf2 Rfd8 20. Nh5 Nc4
21. Nf4 Nxe5 22. Nxd5 Nxd3 23. Nxe7+ Kf7 24. Nxc8 Nxf2 25. Kxf2 Rxc8 26. Bb3
a5 27. a4 b4 28. g3 Bd5 29. Bxd5 Rc2+ 30. Kf3 exd5 31. Kf4 Ke6 32. Kf3 Rxb2
33. Rc1 Rxh2 34. Rc6+ Kd7 35. Ra6 b3 36. Rxa5 Kc6 37. Rc5+ Kd6 38. Rb5 b2
39. a5 Kc6 40. Rb6+ Kc7 41. Kf4 Rf2+ 42. Ke5 Rf3 43. Kxd5 Rxe3 44. Rxb2 Rxg3
45. Ra2 f4 46. a6 Kb8 47. a7+ Ka8 48. Ke4 g5 49. d5 Re3+ 50. Kd4 g4 51. d6
Re8 52. Kd5 f3 53. d7 Rd8 54. Kd6 g3 55. Kc7 Rxd7+ 56. Kxd7 f2 57. Kc6 f1=Q
58. Kb6 Qb1+ {White resigns} 0-1

[Event "ICC tourney 2545 (5 3)"]
[Site "Internet Chess Club"]
[Date "2021.04.11"]
[Round "9"]
[White "Goran21"]
[Black "zugspitze"]
[Result "1-0"]
[ICCResult "Black resigns"]
[WhiteElo "1873"]
[BlackElo "1645"]
[Opening "QGD Slav defense"]
[ECO "D10"]
[NIC "SL.01"]
[Time "17:30:30"]
[TimeControl "300+3"]

1. c4 c6 2. d4 d5 3. e3 Nf6 4. Nc3 g6 5. Bd3 Bg7 6. Nf3 O-O 7. h3 dxc4 8.
Bxc4 Bf5 9. O-O Nbd7 10. Re1 Nb6 11. Bb3 Ne4 12. Nh4 e6 13. Nxf5 exf5 14.
Nxe4 fxe4 15. a4 Nd5 16. Bd2 Kh8 17. a5 a6 18. Qc2 f5 19. Rec1 Qd7 20. Bxd5
Qxd5 21. Bb4 Rf7 22. Qc5 Qxc5 23. Bxc5 Rd8 24. Bb6 Rd5 25. Rc5 Rfd7 26. Rac1
Kg8 27. b4 Bf8 28. Rxd5 Rxd5 29. Bc5 Bg7 30. g3 Kf7 31. Kf1 h5 32. h4 Ke6
33. Ke2 Rd7 34. Rf1 Bf6 35. f3 exf3+ 36. Kxf3 Kd5 37. Re1 Be7 38. Kf4 Bxc5
39. bxc5 Re7 40. Kf3 Kc4 41. Rb1 Kd3 42. Rb3+ Kc2 43. Rb6 Kd2 44. Kf4 Re4+
45. Kg5 Rg4+ 46. Kf6 Kxe3 47. d5 cxd5 48. Rxb7 Rc4 49. Rc7 d4 50. Kxg6 d3
51. Rd7 d2 52. c6 Rxc6+ 53. Kxh5 Rc1 54. Kg5 d1=Q 55. Rxd1 Rxd1 56. Kxf5 Kf3
57. h5 Rd5+ 58. Kg6 Kxg3 59. h6 Rxa5 60. h7 Ra4 61. h8=Q Rg4+ 62. Kf5 Rf4+
63. Ke5 Rg4 64. Qa8 a5 65. Kf5 Rf4+ 66. Ke5 Rg4 67. Qb8 a4 68. Kf5+ Kh3 69.
Qb1 Kg3 70. Qg1+ {Black resigns} 1-0

[Event "ICC tourney 2545 (5 3)"]
[Site "Internet Chess Club"]
[Date "2021.04.11"]
[Round "9"]
[White "MrsPiggy"]
[Black "Stroggs"]
[Result "1-0"]
[ICCResult "Black forfeits on time"]
[WhiteElo "1353"]
[BlackElo "1391"]
[Opening "Benoni defense"]
[ECO "A56"]
[NIC "OI.06"]
[Time "17:30:36"]
[TimeControl "300+3"]

1. d4 Nf6 2. c4 c5 3. e3 g6 4. Nf3 Bg7 5. Be2 O-O 6. O-O d6 7. b3 Nc6 8. Bb2
cxd4 9. exd4 Bd7 10. Qc1 Rc8 11. d5 Nb4 12. a3 Na6 13. Nbd2 Nc5 14. Re1 Bf5
15. b4 Nd3 16. Bxd3 Bxd3 17. Qc3 Bf5 18. Qc1 b5 19. Nh4 Bd7 20. Nhf3 bxc4
21. Nxc4 Bb5 22. Nfd2 Nxd5 23. Bxg7 Kxg7 24. a4 Bd7 25. b5 Kg8 26. Qb2 Be6
27. a5 Qd7 28. b6 axb6 29. axb6 Rb8 30. Reb1 Rfc8 31. Ra7 Rb7 32. Rxb7 Qxb7
33. Na5 Qb8 34. Ndc4 Rc5 35. Qd4 Nf6 36. b7 Bxc4 37. Nxc4 Rc7 38. Na5 Nd7
39. Qb4 Nc5 40. h3 e6 41. Qb5 {Black forfeits on time} 1-0

[Event "ICC tourney 2545 (5 3)"]
[Site "Internet Chess Club"]
[Date "2021.04.11"]
[Round "9"]
[White "siddarth1"]
[Black "Astigmatist"]
[Result "0-1"]
[ICCResult "White resigns"]
[WhiteElo "1504"]
[BlackElo "1801"]
[Opening "Scandinavian: Marshall variation"]
[ECO "B01"]
[NIC "SD.03"]
[Time "17:31:32"]
[TimeControl "300+3"]

1. e4 d5 2. exd5 Nf6 3. d4 Nxd5 4. c4 Nb6 5. Nc3 e5 6. Be3 exd4 7. Bxd4 Nc6
8. Bxb6 axb6 9. Qxd8+ Nxd8 10. O-O-O Bd7 11. f4 Bd6 12. Re1+ Kf8 13. g3 Bc6
14. Nd5 Rxa2 15. Kb1 Ra5 16. Bg2 g6 17. Ne2 Ne6 18. Nec3 Kg7 19. b4 Bxb4 20.
Nxb4 Bxg2 21. Rhg1 Bc6 22. g4 Rc5 23. Nxc6 bxc6 24. f5 Nd4 25. f6+ Kxf6 26.
Ne4+ Kg7 27. Nxc5 bxc5 28. Rgf1 Rb8+ 29. Ka2 Ne6 30. Rb1 Ra8+ 31. Kb2 Nd4
32. Ra1 Rb8+ 33. Kc3 Rb3+ 34. Kd2 Rb2+ 35. Kc1 Rxh2 36. Ra7 Ne6 37. Ra6 Rg2
38. Rxc6 Rxg4 39. Re1 Rxc4+ 40. Kb2 Rb4+ 41. Kc3 Rb6 42. Rxb6 cxb6 43. Rb1
Nf4 44. Kc4 g5 45. Rxb6 h5 46. Kxc5 h4 47. Kc6 h3 48. Rb5 Kf6 49. Rb1 g4 50.
Rf1 Ke5 51. Re1+ Kf5 52. Rf1 g3 53. Rf3 g2 54. Rf2 g1=Q {White resigns} 0-1

[Event "ICC tourney 2545 (5 3)"]
[Site "Internet Chess Club"]
[Date "2021.04.11"]
[Round "9"]
[White "Guillermito"]
[Black "Vazulka"]
[Result "1-0"]
[ICCResult "Black forfeits on time"]
[WhiteElo "3192"]
[BlackElo "1872"]
[Opening "Four knights: Scotch, 4...exd4"]
[ECO "C47"]
[NIC "KP.06"]
[Time "17:30:49"]
[TimeControl "300+3"]

1. e4 e5 2. Nf3 Nc6 3. Nc3 Nf6 4. d4 exd4 5. Nxd4 d6 6. Bc4 Be7 7. O-O O-O
8. Nxc6 bxc6 9. b3 Nd7 10. Bb2 Bf6 11. f4 Re8 12. e5 dxe5 13. Ne4 exf4 14.
Bxf6 Nxf6 15. Qxd8 Rxd8 16. Nxf6+ gxf6 17. Rxf4 Kg7 18. Raf1 Rd6 19. Bd3 Bd7
20. R1f3 h5 21. Kf2 a5 22. Rg3+ Kh6 23. a4 Rb8 24. Re3 Kg5 25. Rc4 Be6 26.
Rc5+ Rd5 27. Rxc6 f5 28. Rxc7 f4 29. Re2 Rxd3 30. cxd3 Rxb3 31. Rd2 Bf5 32.
Rc5 Kg6 33. Rxa5 Bxd3 34. h4 Ra3 35. Rd5 Bf5 36. R5d4 f3 37. gxf3 Be6 38.
Rb4 Kf5 39. Rc2 Bb3 40. Rc5+ Kg6 41. Rb6+ Kg7 42. a5 Be6 43. a6 Ra2+ 44. Kg3
Ra1 45. Rc7 Kf6 46. a7 Ke5 47. Rb8 Bd5 48. Rc5 Rxa7 49. Rd8
{Black forfeits on time}
1-0

[Event "ICC tourney 2545 (5 3)"]
[Site "Internet Chess Club"]
[Date "2021.04.11"]
[Round "9"]
[White "GiteshC"]
[Black "A4-H5"]
[Result "0-1"]
[ICCResult "White checkmated"]
[WhiteElo "1416"]
[BlackElo "1827"]
[Opening "Sicilian: Nimzovich-Rubinstein variation"]
[ECO "B29"]
[NIC "SI.43"]
[Time "17:31:57"]
[TimeControl "300+3"]

1. e4 c5 2. Nf3 Nf6 3. Nc3 d5 4. exd5 Nxd5 5. d4 Nxc3 6. bxc3 g6 7. Bc4 Bg7
8. O-O O-O 9. Re1 Bg4 10. Qd3 e6 11. Bb2 Nc6 12. a4 Rc8 13. h3 Bf5 14. Qe2
Na5 15. Bd3 Qb6 16. Rab1 Bxd3 17. cxd3 Qc7 18. dxc5 Rfd8 19. d4 a6 20. Bc1
Qc6 21. Bf4 Qd5 22. Be5 Nc6 23. Bxg7 Kxg7 24. Rxb7 Nxd4 25. Qe5+ Kg8 26.
Qxd5 Rxd5 27. cxd4 g5 28. Reb1 h5 29. Rb8 Rcd8 30. Rxd8+ Rxd8 31. g4 hxg4
32. hxg4 f5 33. gxf5 g4 34. Ne5 exf5 35. Nc6 Rd7 36. Rb8+ Kg7 37. Rd8 Rb7
38. Ne5 Kf6 39. Rd6+ Kg5 40. Kg2 f4 41. Rg6+ Kf5 42. Rxg4 Rb3 43. f3 Rb2+
44. Kh3 Rd2 45. Nc6 Rd3 46. d5 Rxf3+ 47. Kh4 Rf2 48. Ne7+ Kf6 49. d6 Rh2#
{White checkmated}
0-1

[Event "ICC tourney 2545 (5 3)"]
[Site "Internet Chess Club"]
[Date "2021.04.11"]
[Round "9"]
[White "kdbel"]
[Black "ulff"]
[Result "1-0"]
[ICCResult "Black checkmated"]
[WhiteElo "1603"]
[BlackElo "1780"]
[Opening "Sicilian: Najdorf, Adams attack"]
[ECO "B90"]
[NIC "SI.14"]
[Time "17:30:23"]
[TimeControl "300+3"]

1. e4 c5 2. Nf3 d6 3. d4 cxd4 4. Nxd4 Nf6 5. Nc3 a6 6. h3 e5 7. Nde2 Be7 8.
g4 h6 9. Bg2 Be6 10. O-O Nbd7 11. Be3 b5 12. Ng3 Nb6 13. Nf5 Bxf5 14. exf5
Rc8 15. Bxb6 Qxb6 16. Nd5 Nxd5 17. Bxd5 Qc5 18. c3 O-O 19. Qf3 Rc7 20. Rad1
a5 21. Kh1 a4 22. a3 Bg5 23. Qg3 Bf4 24. Qh4 Bg5 25. Qh5 e4 26. h4 e3 27.
fxe3 Bxe3 28. f6 b4 29. fxg7 Kxg7 30. axb4 Qb5 31. Qf5 Qe2 32. Qf6+ Kg8 33.
Rde1 Qxg4 34. Rg1 Bxg1 35. Rxg1 Qxg1+ 36. Kxg1 Rfc8 37. Qxh6 a3 38. Qg5+ Kf8
39. bxa3 Rxc3 40. Be4 Rc1+ 41. Kh2 R1c7 42. Qh6+ Ke7 43. h5 Rc4 44. Qg5+ Kf8
45. Bf5 R8c7 46. h6 Rc1 47. Qd8# {Black checkmated} 1-0

[Event "ICC tourney 2545 (5 3)"]
[Site "Internet Chess Club"]
[Date "2021.04.11"]
[Round "9"]
[White "habibo"]
[Black "Toya"]
[Result "1-0"]
[ICCResult "Black checkmated"]
[WhiteElo "1560"]
[BlackElo "1401"]
[Opening "English opening"]
[ECO "A05"]
[NIC "QP.11"]
[Time "17:30:08"]
[TimeControl "300+3"]

1. Nf3 Nf6 2. c4 Nc6 3. d4 e6 4. Nc3 Bb4 5. Qc2 O-O 6. Bg5 d5 7. e3 Bxc3+ 8.
Qxc3 h6 9. Bxf6 Qxf6 10. Bd3 Qe7 11. O-O Nb4 12. Be2 c6 13. a3 Na6 14. cxd5
exd5 15. Bxa6 bxa6 16. Qxc6 Bb7 17. Qa4 f6 18. Rfc1 Rac8 19. b4 Rc4 20. Nd2
Rxc1+ 21. Rxc1 f5 22. Qb3 f4 23. e4 Kh8 24. e5 Bc8 25. Qxd5 Rd8 26. Qe4 Bb7
27. Qxf4 Rf8 28. Qe3 Qh4 29. Rc7 Bd5 30. f3 Qd8 31. Rxa7 Qc8 32. Ne4 Qc2 33.
h3 Qd1+ 34. Kh2 Qa4 35. Nc3 Qb3 36. Nxd5 Qxd5 37. Qe4 Qb5 38. d5 Qb6 39. Re7
Qd8 40. d6 Re8 41. Rxe8+ Qxe8 42. e6 g5 43. d7 Qe7 44. Qd4+ Kh7 45. d8=Q
Qxe6 46. Q8h8+ Kg6 47. Qhg7+ Kh5 48. g4+ Qxg4 49. Qxg4# {Black checkmated}
1-0

[Event "ICC tourney 2545 (5 3)"]
[Site "Internet Chess Club"]
[Date "2021.04.11"]
[Round "9"]
[White "arconia"]
[Black "TheGMnexttou"]
[Result "1-0"]
[ICCResult "Black forfeits on time"]
[WhiteElo "1017"]
[BlackElo "1273"]
[Opening "Sicilian defense"]
[ECO "B40"]
[NIC "SI.43"]
[Time "17:31:32"]
[TimeControl "300+3"]

1. e4 c5 2. Nf3 e6 3. Be2 d6 4. O-O Nf6 5. d3 b6 6. Nc3 a6 7. Ng5 Nbd7 8. f4
Be7 9. f5 e5 10. a3 Bb7 11. b4 h6 12. Nxf7 Kxf7 13. Nd5 Nxd5 14. Bh5+ Kg8
15. exd5 Bxd5 16. Qg4 Nf6 17. Qg6 a5 18. c4 Bc6 19. b5 Be8 20. Qg3 Bxh5 21.
Qh3 Bg4 22. Qg3 Be2 23. Rf2 Bh5 24. Bd2 d5 25. Qxe5 Qd6 26. Qe6+ Qxe6 27.
fxe6 Bg4 28. Re1 h5 29. h3 Rf8 30. hxg4 Nxg4 31. Rxf8+ Kxf8 32. Rf1+ Ke8 33.
Bf4 Rf8 34. cxd5 Rf5 35. d6 {Black forfeits on time} 1-0

[Event "ICC tourney 2545 (5 3)"]
[Site "Internet Chess Club"]
[Date "2021.04.11"]
[Round "9"]
[White "Maher1278"]
[Black "justlucky"]
[Result "0-1"]
[ICCResult "White checkmated"]
[WhiteElo "1237"]
[BlackElo "1275"]
[Opening "Caro-Kann defense"]
[ECO "B10"]
[NIC "CK.01"]
[Time "17:30:52"]
[TimeControl "300+3"]

1. e4 c6 2. Qh5 Nf6 3. Qf3 d5 4. e5 Ng4 5. h3 Nxe5 6. Qc3 Ned7 7. Nf3 Nf6 8.
Bd3 e6 9. O-O Bd6 10. Re1 O-O 11. a4 c5 12. Bb5 a6 13. Bd3 Nc6 14. b3 d4 15.
Qb2 Bd7 16. c3 e5 17. c4 Nb4 18. Na3 Nxd3 19. Qc2 Nxe1 20. Nxe1 e4 21. d3
Re8 22. f3 e3 23. f4 Bxf4 24. Nf3 Nh5 25. Qe2 Ng3 26. Qe1 Qc8 27. Nc2 Bxh3
28. Nh4 Qg4 29. Bxe3 dxe3 30. d4 Qxh4 31. dxc5 Bxg2 32. Nxe3 Bxe3+ 33. Kxg2
Bf4 34. Qc3 Re2+ 35. Kf3 Re3+ 36. Qxe3 Bxe3 37. Kxe3 Re8+ 38. Kd3 Qe4+ 39.
Kc3 Qe5+ 40. Kb4 Qxa1 41. a5 Qe1+ 42. Ka4 Re2 43. c6 Ra2# {White checkmated}
0-1

[Event "ICC tourney 2545 (5 3)"]
[Site "Internet Chess Club"]
[Date "2021.04.11"]
[Round "9"]
[White "RoadToFM2007"]
[Black "fishmaster"]
[Result "1-0"]
[ICCResult "Black resigns"]
[WhiteElo "1953"]
[BlackElo "2022"]
[Opening "King's Indian: orthodox variation"]
[ECO "E94"]
[NIC "KI.15"]
[Time "17:31:17"]
[TimeControl "300+3"]

1. d4 Nf6 2. Nf3 g6 3. c4 Bg7 4. Nc3 O-O 5. e4 d6 6. Be2 e5 7. O-O Na6 8.
Re1 c6 9. Bf1 exd4 10. Nxd4 Ng4 11. h3 Qb6 12. hxg4 Qxd4 13. Qf3 Qb6 14. Rd1
Be5 15. Rb1 Qd8 16. g3 f5 17. exf5 gxf5 18. g5 Qe8 19. Bf4 Qg6 20. Qe3 Re8
21. Bxe5 dxe5 22. c5 Nc7 23. Rd6 Qg7 24. f4 Be6 25. Qxe5 Qxe5 26. fxe5 Bd5
27. Nxd5 Nxd5 28. Re1 Re7 29. Bc4 Rae8 30. Bxd5+ cxd5 31. Rxd5 Kf7 32. Kf2
Kg6 33. Kf3 Kxg5 34. b4 h5 35. b5 Re6 36. a4 a6 37. Re3 R8e7 38. b6 Rc6 39.
Rc3 Rce6 40. Re3 Rc6 41. Re2 Rce6 42. Rc2 Rxe5 43. Rxe5 Rxe5 44. c6 bxc6 45.
b7 Re8 46. Rxc6 Rb8 47. Rc7 Kf6 48. Kf4 Ke6 49. Rh7 Kd6 50. Kxf5 Kc5 51. Kg6
Kb4 52. Kxh5 Kxa4 53. g4 Kb5 54. g5 Kb6 55. g6 Ka7 56. Rf7 a5 57. g7 Rg8 58.
Rf8 {Black resigns} 1-0

[Event "ICC tourney 2545 (5 3)"]
[Site "Internet Chess Club"]
[Date "2021.04.11"]
[Round "9"]
[White "MillzGambit"]
[Black "debarghya1972"]
[Result "1-0"]
[ICCResult "Black forfeits on time"]
[WhiteElo "1666"]
[BlackElo "1730"]
[Opening "French: advance, Paulsen attack"]
[ECO "C02"]
[NIC "FR.03"]
[Time "17:30:40"]
[TimeControl "300+3"]

1. e4 e6 2. d4 d5 3. e5 c5 4. c3 Nc6 5. Nf3 cxd4 6. cxd4 Bb4+ 7. Bd2 Bxd2+
8. Nbxd2 f6 9. Bb5 Bd7 10. Bxc6 bxc6 11. Nb3 Ne7 12. Nc5 O-O 13. O-O Rb8 14.
Qa4 Nc8 15. exf6 Rxf6 16. Ne5 Be8 17. b4 Qc7 18. Na6 Qb7 19. Nxb8 Qxb8 20.
Rac1 Nb6 21. Qb3 Qd6 22. g3 h5 23. a4 h4 24. a5 Nc8 25. Rc3 Ne7 26. Rfc1
hxg3 27. hxg3 Rh6 28. Kg2 Nf5 29. Rd1 Nxd4 30. Rxd4 Qxe5 31. Rf4 Rg6 32.
Rcf3 Rf6 33. Qe3 Qxe3 34. fxe3 Kf7 35. g4 Ke7 36. Rxf6 gxf6 37. Rh3 Bg6 38.
Kf2 a6 39. Rh8 Bd3 40. Rc8 Bb5 41. Kf3 Kd6 42. Kf4 Be2 43. Ra8 Bb5 44. g5
fxg5+ 45. Kxg5 Ke5 46. Rh8 {Black forfeits on time} 1-0